 Dungeon Crawl Stone Soup version 0.23.2-33-g5129a83184 (webtiles) character file.

Game seed: 11262788923653260169

7074 MalarOregon the Fighter (level 11, 0/97 HPs)
             Began as a Ghoul Earth Elementalist on July 15, 2019.
             Was a Believer of Kikubaaqudgha.
             Slain by an orc warrior
             ... wielding a +2 scimitar of slicing
              (2 damage)
             ... on level 9 of the Dungeon.
             The game lasted 00:28:13 (12816 turns).

MalarOregon the Fighter (Ghoul Earth Elementalist) Turns: 12816, Time: 00:28:14

Health: 0/97       AC:  9    Str: 16    XL:     11   Next: 9%
Magic:  10/16      EV: 14    Int: 13    God:    Kikubaaqudgha [**....]
Gold:   202        SH:  0    Dex:  9    Spells: 8/18 levels left

rFire    . . .     SeeInvis .   a - +3 dagger (venom)
rCold    + . .     Gourm    .   (no shield)
rNeg     + + +     Faith    .   D - +3 robe "Nyro" {rElec Str+3}
rPois    ∞         Spirit   .   p - +0 helmet
rElec    +         Reflect  .   (no cloak)
rCorr    .         Harm     .   f - +0 pair of gloves
MR       .....                  L - +1 pair of boots
Stlth    +++.......             (no amulet)
HPRegen  0.00/turn              i - ring of stealth
MPRegen  0.15/turn              (no ring)

@: rotting
A: rotting body, claws 1, carnivore, cold resistance 1, negative energy
resistance 3, inhibited regeneration, torment resistance, unbreathing
a: Receive Corpses, Renounce Religion


You were on level 9 of the Dungeon.
You worshipped Kikubaaqudgha.
Kikubaaqudgha was pleased with you.
You were not hungry.

You visited 2 branches of the dungeon, and saw 11 of its levels.

You collected 548 gold pieces.
You spent 346 gold pieces at shops.

Inventory:

Hand Weapons
 a - a +3 dagger of venom (weapon)
   (You took it off an orc on level 4 of the Dungeon)
 b - a +2 dagger of electrocution
   (You found it on level 4 of the Dungeon)
Missiles
 k - 3 throwing nets {!f}
 J - 272 stones (quivered)
Armour
 f - a +0 pair of gloves (worn)
   (You found it on level 1 of the Dungeon)
 p - a +0 helmet (worn)
   (You found it on level 3 of the Dungeon)
 D - the +3 robe "Nyro" (worn) {rElec Str+3}
   (You found it on level 6 of the Dungeon)

   It affects your strength (+3).
   It insulates you from electricity.
 H - a +1 robe of fire resistance
   (You found it on level 6 of the Dungeon)
 L - a +1 pair of boots (worn)
   (You bought it in a shop on level 4 of the Dungeon)
Jewellery
 i - a ring of stealth (left hand)
   (You found it on level 4 of the Dungeon)
Wands
 c - a wand of disintegration (13)
   (You found it on level 9 of the Dungeon)
 d - a wand of iceblast (7)
   (You found it on level 6 of the Dungeon)
 t - a wand of flame (17)
   (You found it on level 5 of the Dungeon)
 u - a wand of paralysis (11)
   (You found it on level 7 of the Dungeon)
Scrolls
 g - 3 scrolls of enchant weapon
 o - a scroll of teleportation {@r4}
 v - 2 scrolls of magic mapping
 w - 2 scrolls of identify {@r1}
 x - 8 scrolls of remove curse {@r2}
 A - a scroll of fog
 G - 3 scrolls of blinking
 I - 2 scrolls of fear
Potions
 h - a potion of lignification {unknown}
 j - a potion of invisibility {unknown}
 l - 3 potions of might
 m - 2 potions of magic
 n - 3 potions of haste {@q3}
 r - 2 potions of resistance
 s - 5 potions of curing {@q1}
 z - 2 potions of heal wounds {@q2}
 E - a potion of ambrosia
 K - a potion of cancellation
Comestibles
 e - 18 rations {!d}
 q - 2 chunks of flesh


   Skills:
 - Level 9.2 Fighting
 - Level 5.0 Dodging
 - Level 4.2 Stealth
 - Level 4.3 Spellcasting
 - Level 4.4 Conjurations
 + Level 5.5 Necromancy
 + Level 4.7 Transmutations
 - Level 9.0 Earth Magic


You had 8 spell levels left.
You knew the following spells:

 Your Spells              Type           Power        Failure   Level  Hunger
a - Sandblast             Erth           ####..       1%          1    None
b - Petrify               Tmut/Erth      ###.....     12%         4    ####...
q - Passwall              Tmut/Erth      ###.....     1%          2    ##.....
x - Stone Arrow           Conj/Erth      ###...       3%          3    ###....

Your spell library contained the following spells:

 Spells                   Type           Power        Failure   Level  Hunger
 Animate Skeleton         Necr           N/A          1%          1    None
 Pain                     Necr           ###.         1%          1    None
 Corpse Rot               Necr           N/A          3%          2    ##.....
 Lee's Rapid Deconstruct  Erth           ####......   14%         5    ######.
 Regeneration             Chrm/Necr      ##........   19%         3    ###....


Dungeon Overview and Level Annotations

Branches:
Dungeon (10/15)            Temple (1/1) D:4
   Lair: D:8-11         Orc: D:9-12

Altars:
Ashenzari
Cheibriados
Dithmenos
Elyvilon
Fedhas
Gozag
Hepliaklqana
Kikubaaqudgha
Makhleb
Nemelex Xobeh
Okawaru
Qazlal
Ru
Sif Muna
Trog
Uskayaw
Vehumet
Wu Jian
Xom
Yredelemnul
Zin
The Shining One

Shops:
D:4 :[[*   D:5 (*[

Annotations:
D:9 2 transporters, Terandir's ghost, novice MiFi
D:10 Urug


Innate Abilities, Weirdness & Mutations

Your body is rotting away.
You thrive on raw meat.
You are immune to poison.
You have sharp fingernails.
You are carnivorous and can eat meat at any time.
Your flesh is cold resistant. (rC+)
You are immune to negative energy. (rN+++)
You do not regenerate when monsters are visible.
You are immune to unholy pain and torment.
You can survive without breathing.


Message History

You feel more resilient.
This raw flesh tastes great!
Eating one of 3 chunks of flesh.
You eat one of the 3 chunks of flesh.
You feel more resilient.
This raw flesh tastes great!
Partly explored, unvisited transporter.
There is a stone staircase leading down here.
You climb downwards.
Level annotation: Urug The crimson imp completely misses you.
The orc completely misses you.
The orc warrior hits you with a +2 scimitar of slicing!
The crimson imp barely misses you. The orc barely misses you.
There is a stone staircase leading up here.
The orc warrior hits you with a +2 scimitar of slicing.
The crimson imp barely misses you.
You climb upwards.
Level annotation: 2 transporters, Terandir's ghost, novice MiFi
There is a stone staircase leading down here.
You hit the orc warrior.
The orc warrior is poisoned.
The orc hits you but does no damage. The crimson imp hits you.
The orc warrior hits you with a +2 scimitar of slicing!
You hit the orc warrior. The orc hits you but does no damage.
The crimson imp hits you but does no damage.
You hit the orc warrior.
The orc warrior looks as sick as possible!
The orc warrior hits you but does no damage.
The orc hits you but does no damage. The crimson imp completely misses you.
You hit the orc warrior but do no damage.
The orc warrior looks as sick as possible!
The orc warrior hits you with a +2 scimitar of slicing.
The orc hits you but does no damage. The crimson imp closely misses you.
You hit the orc warrior.
The orc warrior looks as sick as possible!
The orc warrior hits you with a +2 scimitar of slicing!!
* * * LOW HITPOINT WARNING * * *
* * * LOW HITPOINT WARNING * * *
The orc misses you.
The crimson imp hits you but does no damage.
Aim: an orc, wielding a +0 falchion The stone arrow hits the orc!
You kill the orc!
Kikubaaqudgha accepts your kill.
The orc warrior hits you with a +2 scimitar of slicing!
* * * LOW HITPOINT WARNING * * *
* * * LOW HITPOINT WARNING * * *
The crimson imp closely misses you.
Aim: a crimson imp The stone arrow misses the crimson imp.
The orc warrior hits you with a +2 scimitar of slicing.
* * * LOW HITPOINT WARNING * * *
You die...
Kikubaaqudgha rasps: "You have failed me!
Welcome... oblivion!"

.##
##..........###............
..###
##........................
....##
##....####...............
.....## #..####
###.............
......###.## ##............
.......##.# ######
##...........
.........#####....##
#........... .........#
#.....).# ##..........
........####...)@..##
##......... ........#
#....o.5..## ##........
........###..........##
##.......
........##............##
#...##..
........##.............#
######..
........##.............##
#..
........#...............#
#####).
.....#..#..............##
#......
.....#..#..............#
##......


You could see an orc warrior and a crimson imp.

Vanquished Creatures
  3 two-headed ogres
  Pikel (D:4)
  Joseph (D:7)
  4 hippogriffs
  A spriggan (D:7)
  Menkaure (D:4)
  3 ice beasts
  3 phantoms
  3 sky beasts
  3 ogres
  4 centaurs
  7 bullfrogs
  2 scorpions
  4 wights
  6 killer bees
  A howler monkey (D:7)
  3 crimson imps
  A centaur zombie (D:6)
  A centaur skeleton (D:4)
  3 hounds
  3 jellies
  A bullfrog skeleton (D:8)
  An orc priest (D:5)
  An iguana (D:7)
  Natasha (thrice) (D:2)
  3 orc wizards
  6 worker ants
  A hound zombie (D:6)
  2 worker ant zombies (D:6)
  4 gnolls
  9 adders
  2 howler monkey skeletons
  A shadow imp (D:8)
  An ooze (D:1)
  An adder zombie (D:9)
  6 worms
  A dart slug (D:1)
  3 leopard geckos
  29 orcs
  10 bats
  A giant cockroach (D:4)
  9 goblins
  5 hobgoblins
  6 jackals
  5 kobolds
  A quokka (D:5)
  4 ball pythons
  5 frilled lizards
  A quokka zombie (D:7)
  8 rats
188 creatures vanquished.

Vanquished Creatures (others)
  An orc wizard (D:4)
  An orc (D:4)
2 creatures vanquished.

Grand Total: 190 creatures vanquished

Notes
Turn   | Place    | Note
-------+----------+-------------------------------------------
     0 | D:1      | MalarOregon the Ghoul Earth Elementalist began the quest
                  | for the Orb.
     0 | D:1      | Reached XP level 1. HP: 14/14 MP: 2/2
   370 | D:1      | Reached skill level 1 in Fighting
   574 | D:1      | Reached XP level 2. HP: 19/23 MP: 3/3
   750 | D:1      | Reached XP level 3. HP: 11/29 MP: 2/4
  1157 | D:2      | Noticed Natasha
  1164 | D:2      | Killed Natasha
  1164 | D:2      | Reached XP level 4. HP: 26/37 MP: 5/5
  1205 | D:2      | Noticed Natasha
  1218 | D:2      | Killed Natasha
  1512 | D:2      | Noticed Natasha
  1537 | D:2      | Killed Natasha
  1537 | D:2      | Reached skill level 5 in Earth Magic
  1537 | D:2      | Reached XP level 5. HP: 22/45 MP: 3/6
  1559 | D:2      | Found a faded altar of an unknown god.
  2187 | D:3      | Found an ancient bone altar of Kikubaaqudgha.
  2217 | D:3      | Became a worshipper of Kikubaaqudgha
  2376 | D:3      | Reached skill level 5 in Fighting
  2376 | D:3      | Reached XP level 6. HP: 49/56 MP: 7/7
  2650 | D:4      | Noticed Menkaure
  2789 | D:4      | Killed Menkaure
  2789 | D:4      | Reached skill level 1 in Necromancy
  2914 | D:4      | Found Etiyriep's Armour Shoppe.
  2937 | D:4      | Found a staircase to the Ecumenical Temple.
  3001 | Temple   | Entered the Ecumenical Temple
  3252 | D:4      | Found Irphat's Book Boutique.
  3474 | D:4      | Noticed Pikel
  3480 | D:4      | Noticed a slave
  3481 | D:4      | Noticed a slave
  3481 | D:4      | Noticed a slave
  3487 | D:4      | Killed Pikel
  3487 | D:4      | Reached XP level 7. HP: 34/58 MP: 6/9
  3530 | D:4      | Found Lurchomex's Antique Armour Shop.
  3562 | D:4      | Reached XP level 8. HP: 48/65 MP: 10/10
  3666 | D:4      | Found Rank's General Store.
  3669 | D:4      | Bought 11 stones for 13 gold pieces
  3669 | D:4      | Bought a scroll of fog for 24 gold pieces
  3669 | D:4      | Bought a scroll of fear for 42 gold pieces
  3669 | D:4      | Bought a potion of curing for 36 gold pieces
  3856 | D:5      | Entered Level 5 of the Dungeon
  3858 | D:5      | Found Eku Wupn's Weapon Shoppe.
  3876 | D:5      | Found Zoizaf's General Store.
  3884 | D:5      | Bought 10 stones for 14 gold pieces
  4177 | D:5      | Found an iron altar of Okawaru.
  4227 | D:5      | Reached * piety under Kikubaaqudgha
  4227 | D:5      | Identified Kikubaaqudgha's Almanac of Dark Secrets
                  | (Kikubaaqudgha gifted it to you on level 5 of the Dungeon)
  4227 | D:5      | Received a gift from Kikubaaqudgha
  4320 | D:5      | Learned a level 2 spell: Passwall
  4324 | D:5      | Learned a level 3 spell: Stone Arrow
  4329 | D:5      | Learned a level 4 spell: Petrify
  4380 | D:5      | Reached skill level 1 in Transmutations
  4790 | D:5      | Found Byuneuxe's Antique Armour Boutique.
  5173 | D:6      | Got a fabulously ornate robe
  5184 | D:6      | Identified the +3 robe "Nyro" {rElec Str+3} (You found it
                  | on level 6 of the Dungeon)
  5259 | D:5      | Reached skill level 1 in Conjurations
  5609 | D:6      | Reached XP level 9. HP: 16/74 MP: 7/12
  5742 | D:6      | Reached skill level 5 in Necromancy
  6959 | D:7      | Noticed Joseph
  7349 | D:7      | Killed Joseph
  8495 | D:7      | Reached skill level 5 in Dodging
  8937 | D:8      | Reached XP level 10. HP: 62/81 MP: 13/13
  9130 | D:8      | Noticed a two-headed ogre
  9146 | D:8      | Reached ** piety under Kikubaaqudgha
 10022 | D:8      | HP: 1/88 [two-headed ogre/+0 giant club (23)]
 10033 | D:8      | Killed a two-headed ogre
 10686 | D:4      | Bought a pair of glowing boots for 217 gold pieces
 11293 | D:9      | Noticed a two-headed ogre
 11605 | D:8      | Killed a two-headed ogre
 11836 | D:9      | Noticed a two-headed ogre
 11848 | D:9      | Killed a two-headed ogre
 11848 | D:9      | Reached XP level 11. HP: 97/97 MP: 14/16
 12085 | D:9      | Found a transporter.
 12090 | D:9      | Noticed a moth of wrath
 12555 | D:9      | Found a transporter.
 12568 | D:9      | Noticed Terandir's ghost (novice MiFi)
 12570 | D:9      | Noticed a seven-headed hydra
 12709 | D:10     | Entered Level 10 of the Dungeon
 12709 | D:10     | Noticed Urug
 12816 | D:9      | HP: 2/97 [orc warrior/+2 scimitar of slicing (5)]
 12816 | D:9      | Slain by an orc warrior

Skill      XL: |  1  2  3  4  5  6  7  8  9 10 |
---------------+-------------------------------+-----
Fighting       | 1 2 3 5 7 9 |  9.2
Earth Magic    | 4 5 7 9 |  9.0
Dodging        | 4 5 |  5.0
Spellcasting   | 2 3 4 |  4.3
Necromancy     | 3 4 5 |  5.5
Stealth        | 3 4 |  4.2
Transmutations | 2 3 4 |  4.7
Conjurations   | 1 3 4 |  4.4

Action                   |  1- 3 |  4- 6 |  7- 9 | 10-12 || total
-------------------------+-------+-------+-------+-------++-------
Melee: Dagger            |   102 |   168 |   435 |   178 ||   883
       Unarmed           |    11 |       |       |       ||    11
 Cast: Sandblast         |     3 |    15 |    32 |    23 ||    73
       Petrify           |       |       |       |     2 ||     2
       Stone Arrow       |       |       |       |     3 ||     3
Evoke: Wand              |       |       |       |     4 ||     4
  Use: Scroll            |       |       |       |    15 ||    15
 Stab: Sleeping          |     2 |       |     5 |     7 ||    14
       Paralysed         |       |       |       |    11 ||    11
  Eat: Chunk             |     6 |    16 |    18 |    16 ||    56
       Ration            |       |       |     1 |       ||     1
Armor: Robe              |    25 |    32 |   145 |    64 ||   266
Dodge: Dodged            |    84 |   109 |   307 |   181 ||   681
